 Dungeon Crawl Stone Soup version 0.30-a0-414-gcb316572d5 (webtiles) character file.

Game seed: 4179058171873967140

201 p00ps00p the Trooper (level 5, -9/46 (47) HPs)
             Began as a Hill Orc Fighter on Dec 8, 2022.
             Mangled by an apocalypse crab (12 damage)
             ... on level 1 of the Abyss.
             The game lasted 00:04:59 (2137 turns).

p00ps00p the Trooper (Hill Orc Fighter)             Turns: 2137, Time: 00:04:59

HP:   -9/46 (47)    AC: 10    Str: 19    XL:     5   Next: 79%
MP:   5/5           EV: 12    Int: 14    God:
Gold: 174           SH:  5    Dex: 14    Spells: 4/4 levels left

rFire   . . .      SeeInvis .    f - +7 spear "Dragon's Doom" {elec, rN+ Will+ Str-2 Dex+4}
rCold   . . .      Faith    .    c - +0 buckler
rNeg    + . .      Spirit   .    g - +1 chain mail
rPois   .          Reflect  .    (no helmet)
rElec   .          Harm     .    (no cloak)
rCorr   .          Rampage  .    (no gloves)
Will    +....                    (no boots)
Stlth   ..........               (no amulet)
HPRegen 0.27/turn                k - +6 ring of intelligence
MPRegen 0.09/turn                (no ring)

@: mighty, agile, hasted and slowed, lightly drained
A: no striking features
a: no special abilities


You were on level 1 of the Abyss.
You visited 1 branch of the dungeon, and saw 3 of its levels.
You visited the Abyss 1 time.

You collected 174 gold pieces.

Inventory:

Hand Weapons
 a - a +1 war axe
 f - the +7 spear "Dragon's Doom" (weapon) {elec, rN+ Will+ Str-2 Dex+4}
   (You found it on level 2 of the Dungeon)

   It occasionally discharges a powerful burst of electricity upon striking a
   foe.
   Str:       It affects your strength (-2).
   Dex:       It affects your dexterity (+4).
   rN:        It protects you from negative energy.
   Will:      It increases your willpower.
Missiles
 d - 2 throwing nets (quivered)
Armour
 b - a +0 scale mail
 c - a +0 buckler (worn)
 g - a +1 chain mail (worn)
Jewellery
 k - a +6 ring of intelligence (left hand)
Scrolls
 e - a scroll of teleportation
 h - a scroll of magic mapping
Potions
 i - a potion of flight {unknown}
 j - 2 potions of magic {unknown}
 l - a potion of haste
 m - a potion of berserk rage {unknown}


   Skills:
 + Level 4.8 Fighting
 + Level 4.4 Axes
 + Level 4.5 Armour
 + Level 4.4 Shields


You had 4 spell levels left.
You didn't know any spells.
Your spell library contained the following spells:

 Spells                   Type           Power      Damage    Failure   Level
 Call Canine Familiar     Summ           0%         N/A       100%        3
 Portal Projectile        Hex/Tloc       0%         N/A       100%        3
 Leda's Liquefaction      Hex/Erth       0%         N/A       100%        4


Dungeon Overview and Level Annotations

Branches:
Dungeon (3/15)

Altars:
Xom

Annotations:
D:3 1 transporter


Message History

You feel agile all of a sudden.
You feel yourself speed up.
You flicker for a moment.
You swing at nothing.
You swing at nothing.
You hit the apocalypse crab but do no damage.
Lightning courses through the apocalypse crab!
The apocalypse crab is moderately wounded.
The apocalypse crab bites you. The apocalypse crab freezes you!
The apocalypse crab barely misses you.
You completely miss the apocalypse crab.
The apocalypse crab is moderately wounded.
A small abomination comes into view.
The apocalypse crab breathes chaos at you.
The blast of chaos engulfs you!
You hit the apocalypse crab but do no damage.
The apocalypse crab is moderately wounded.
You feel yourself slow down.
You hit the apocalypse crab but do no damage.
The apocalypse crab is moderately wounded.
The apocalypse crab is engulfed in seething chaos.
The apocalypse crab seems to grow stronger.
The apocalypse crab closely misses you.
The apocalypse crab claws you but does no damage.
You hit the apocalypse crab.
The apocalypse crab is moderately wounded.
You feel very mighty all of a sudden.
You flicker back into view.
The apocalypse crab is engulfed in seething chaos.
The apocalypse crab breathes chaos at you.
The blast of chaos engulfs you!
The apocalypse crab is engulfed in seething chaos.
The apocalypse crab breathes chaos at you.
The blast of chaos engulfs you!
* * * LOW HITPOINT WARNING * * *
You puncture the apocalypse crab!
The apocalypse crab is heavily wounded.
The apocalypse crab bites you.
* * * LOW HITPOINT WARNING * * *
The apocalypse crab freezes you!
You die...

. . .. . .#.#.
..#.# . # '
#..######## ..
..#........# ##
......#......##...
..
..##............
####..
##..@....... # ...
####t....... .
##..### .#.#####..
#..#....##.# . . .
####..ยง.x# # # #
... ....## ##### .
#. .. #....#...#
.. . .. #
#...##..##.###
##### # .#. .
##.#8~#~ ~~~~.


You could see an apocalypse crab (strong) and a small abomination.

Vanquished Creatures
  Natasha (thrice) (D:2)
  3 gnolls (D:2)
  An adder (D:3)
  A worm (D:2)
  5 dart slugs (D:1)
  11 bats
  2 endoplasms
  4 giant cockroaches
  A goblin (D:2)
  11 hobgoblins
  7 jackals (D:1)
  3 quokkas
  7 ball pythons
  4 frilled lizards
  7 kobolds
  8 rats
78 creatures vanquished.

Notes
Turn   | Place    | Note
-------+----------+-------------------------------------------
     0 | D:1      | p00ps00p the Hill Orc Fighter began the quest for the Orb.
     0 | D:1      | Reached XP level 1. HP: 19/19 MP: 1/1
    27 | D:1      | Reached XP level 2. HP: 12/27 MP: 2/2
   271 | D:1      | Reached XP level 3. HP: 26/33 MP: 3/3
  1020 | D:2      | Reached XP level 4. HP: 40/40 MP: 4/4
  1374 | D:2      | Identified the +7 spear "Dragon's Doom" {elec, rN+ Will+
                  | Str-2 Dex+4}
  1418 | D:2      | Noticed Natasha
  1434 | D:2      | Killed Natasha
  1435 | D:2      | Reached XP level 5. HP: 21/47 MP: 5/5
  1707 | D:2      | Noticed Natasha
  1713 | D:2      | Killed Natasha
  1788 | D:2      | Noticed Natasha
  1795 | D:2      | Killed Natasha
  1832 | D:2      | You fall into a shaft and drop 1 floor!
  1985 | D:3      | Found a transporter.
  2036 | D:3      | Found a shimmering altar of Xom.
  2044 | Abyss:1  | Cast into level 1 of the Abyss (crimson imp)
  2098 | Abyss:1  | Noticed an apocalypse crab
  2137 | Abyss:1  | Mangled by an apocalypse crab

Illustrated notes

Levels and vault maps discovered:
D:1:      minmay_arrival_diagonal_passages, layout_basic, st_stairs_2,
          minmay_unequal
D:2:      minmay_diamond_boxcup, layout_basic, hex_medium, uniq_natasha
D:3:      gammafunk_steamed_eel, layout_basic, led_xom_imps,
          kennysheep_jessica_study
Abyss:1:  base:
D:3

Skill      XL: |  1  2  3  4 |
---------------+-------------+-----
Axes           | 3 4 |  4.4
Fighting       | 4 |  4.8
Armour         | 4 |  4.5
Shields        | 4 |  4.4

Action                   |  1- 3 |  4- 6 || total
-------------------------+-------+-------++-------
Melee: War axe           |   125 |    39 ||   164
       Spear             |       |    65 ||    65
  Use: Scroll            |     5 |     3 ||     8
       Potion            |       |     3 ||     3
Armor: Scale mail        |    47 |       ||    47
       Chain mail        |    33 |    58 ||    91
Dodge: Dodged            |    69 |    44 ||   113
Block: Buckler           |    46 |    31 ||    77

Table legend: (Time is in decaauts)
 A = Elapsed time spent in this place.
 B = Non-inter-level travel time spent in this place.
 C = Inter-level travel time spent in this place.
 D = Time resting spent in this place.
 E = Time spent auto-exploring this place.
 F = Levels seen in this place.
 G = Mean time per level.
                   A        B        C        D        E       F      G
               +--------+--------+--------+--------+--------+-----+--------+
         Total |   2168 |   2098 |     70 |     28 |   1510 |   4 |  542.0 |
       Dungeon |   2090 |   2020 |     70 |     28 |   1470 |   3 |  696.7 |
         Abyss |     77 |     77 |      0 |      0 |     40 |   1 |   77.0 |
               +--------+--------+--------+--------+--------+-----+--------+

Top non-repeatable levels by time:
     D:1: 1023 daAuts
     D:2: 977 daAuts
     D:3: 90 daAuts
 Abyss:1: 77 daAuts
